[Event "World U20-ch22"]
[Site "Belfort"]
[Date "1983.08.18"]
[Round "6"]
[White "Trindade, Sandro Heleno"]
[Black "Grivas, Efstratios"]
[Result "1-0"]
[ECO "C80"]
[WhiteElo "2320"]
[BlackElo "2365"]
[Annotator "Bulletin/Primel,D"]
[PlyCount "57"]
[EventDate "1983.08.12"]
[EventType "swiss"]
[EventRounds "13"]
[EventCountry "FRA"]
[SourceTitle "EXT 2004"]
[Source "ChessBase"]
[SourceDate "2003.11.25"]
[SourceVersion "1"]
[SourceVersionDate "2003.11.25"]
[SourceQuality "1"]
[TimeControl "40/9000:16/5400:0"]

1. e4 e5 2. Nf3 Nc6 3. Bb5 a6 4. Ba4 Nf6 5. O-O Nxe4 6. d4 b5 7. Bb3 d5 8. c4
$6 {très peu joué} (8. dxe5) 8... dxc4 (8... Bg4 $142 {Euwe}) 9. Qe2 Nf6 10.
dxe5 Nd5 11. Bc2 Bc5 (11... Ncb4 12. Be4 Bc5 13. a3 Nd3 14. Bxd3
cxd3 15. Qxd3 Be7 $44 ) (11... Be6) 12. Rd1 Nce7 {[%cal Ge7d5]
Le jeu est relativement ouvert et rejouer une pièce développée ne parait pas
très sain.} (12... Ncb4 $142 $5 13. Be4 c6 14. a3 Nd3 15. Bxd3
cxd3 16. Qxd3 (16. Rxd3 Bf5 $44) 16... Bg4 (16... Qb6 {Dégager la Qd8 non
protégée est aussi une option saine}) 17. Nbd2 O-O $44 18. Ne4 Be7 19. Neg5
g6) 13. Nc3 Be6 14. a4 Qc8 15. Nxd5 (15. Ne4 Bb6 16. Neg5 Bg4 17.
h3 $14) 15... Bxd5 16. Ng5 Bb6 $2 {Perd une pièce sans compensation} (16... Qb7
) (16... h6 $142 17. Ne4 Bb6 18. a5 Ba7 $11) 17. Rxd5 $1 Nxd5 18. Qf3 Qd7 19. Bf5 Qc6 20. axb5 $40 Qxb5 21. Nxf7 (21. Be4 $142 ) 21... Rf8 22. e6 g6 $2 23. Bc2 (23. Be4 $18) 23... Qc5 24.
Bg5 c6 25. Rd1 Ra7 $2 26. Rxd5 $1 Qxf2+ (26... cxd5 27. Ba4+) 27. Qxf2 Bxf2+
28. Kh1 Bb6 29. Nd6# 1-0

[Event "ROM-chT"]
[Site "Predeal"]
[Date "2007.10.17"]
[Round "5"]
[White "Thesing, Matthias"]
[Black "Marin, Mihail"]
[Result "0-1"]
[ECO "C80"]
[WhiteElo "2393"]
[BlackElo "2551"]
[Annotator "Marin,M"]
[PlyCount "90"]
[EventDate "2007.10.13"]
[EventType "team"]
[EventRounds "9"]
[EventCountry "ROU"]
[SourceTitle "CBM 121"]
[Source "ChessBase"]
[SourceDate "2007.11.14"]
[SourceVersion "1"]
[SourceVersionDate "2007.11.14"]
[SourceQuality "1"]
[TimeControl "5400"]
[WhiteClock "0:00:16"]
[BlackClock "0:00:01"]

1. e4 e5 2. Nf3 Nc6 3. Bb5 a6 4. Ba4 Nf6 5. O-O Nxe4 6. d4 b5 7. Bb3 d5 8. dxe5
Be6 9. Nbd2 Nc5 10. c3 g6 $5 {For decades, this move has enjoyed a bad
reputation, as a consequence of having led Korchnoi to his first defeat in the
dramatical Baguio match against Karpov, back in 1978. However, in recent years
Korchnoi has come back to his old "invention", obtaining entirely adequate
positions.} 11. Qe2 {Following Karpov's "recipe".} (11. Re1 {is probably
premature because of} Nd3 12. Re3 Nxc1 13. Rxc1 Bh6 14. Rd3 (14. Re1 $5) 14...
O-O 15. Qe2 Ne7 16. c4 {(! van der Tak)} (16. Rd1 c5 $17 {[%csl Gd3] Fedorchuk,
S (2564)-Kortschnoj,V (2634)/Warsaw 2002/CB03 (1-0, 87)}) 16... bxc4 $1 {/\Qb8}
(16... Bf5 17. cxd5 $1 Bxd3 18. Qxd3 $44 {van der Tak})) ({Therefore, it is
useful to play} 11. Bc2 {first.} Bg7 12. Re1 O-O ({For the over-ambitious} 
12... Nd7 {see Baramidze,D (2470)-Belikov,V (2499)/Dortmund 2003/CBM 097/
[Postny] (1/2-1/2, 46)}) 13. Nb3 Nxb3 14. Bxb3 Na5 15. Bf4 (15. Bg5 $5 {
Kortschnoj} Qd7 16. Bf6 {deserves practical testing.}) 15... c5 (15... Nc4 $1
16. Qe2 c5 17. h3 Re8 18. Rad1 Qb6 19. Nh2 Rad8 20. Bg5 Rd7 21. Bf6 d4 $132)
16. Qd2 Nxb3 17. axb3 $14 {Barasz,Z-Hromadka,K/Bad Pistyan 1912/HCL (1-0, 61)})
(11. Nd4 $5 {is an accelerated version of the sacrifice of the central pawn.}
Nxe5 ({Here, too,} 11... Qd7 {comes into consideration, as in our main game.})
12. Bc2 Bg7 ({Maybe Black should keep queenside castling in reserve with} 12...
Qd7) 13. f4 Nc4 $6 (13... Ned3 $5) 14. Nxc4 dxc4 15. f5 gxf5 16. Nxe6 Nxe6 17.
Qh5 $40 {Nijboer,F (2584)-Sokolov,I (2676)/Hilversum 2006/TWIC 608 (1-0, 21)})
11... Bg7 12. Nd4 Qd7 $5 (12... Nxe5 13. f4 Nc4 $2 ({Korchnoi recommends} 13...
Ned3 14. f5 gxf5 15. Nxf5 O-O 16. Nxg7 Kxg7 17. Bc2 Nxc1 18. Raxc1 Qd6 19. b4
Nd7 20. Nf3 Rae8 21. Qd3 f5 22. Nd4 Ne5 23. Qg3+ Kh8 {"=/+/=". His evaluation
is entirely correct, but I felt that after} 24. Bxf5 {Black risks getting into
an unpleasant knight ending. When I play the Open Ruy Lopez, I aim for
positions that are full of strategic tension.}) 14. f5 gxf5 15. Nxf5 Rg8 16.
Nxc4 dxc4 17. Bc2 Nd3 18. Bh6 $40 {Karpov,A (2725)-Kortschnoj,V (2665)/Baguio
City 1978/MainBase (1-0, 28)}) 13. f4 O-O 14. N2f3 $146 {A logical move,
maintaining the tension still.} (14. Nxe6 fxe6 15. Bc2 d4 $132 {Esch,H-Hase,W/
GER-ch qgC05 corr9395 1993/Corr Nr. 1 (0-1, 52)}) 14... f6 ({I disliked} 14...
Rae8 {because of} 15. Be3 f6 16. Nxe6 Nxe6 17. Rad1 {, but Black seems to
remain solid after} Ne7 $13 {/+/=. Still, I prefer the game continuation.}) 15.
Be3 (15. Nxe6 Qxe6 $1 16. Nd4 Nxd4 17. cxd4 Nxb3 18.
axb3 c5 {Attacking White's centre from both sides.} 19. Be3 Rfe8 20. Rae1 $11)
15... Bg4 $5 16. Nxc6 Qxc6 {I spent a long time on this move, because I felt
it is not easy to choose the right moment to exchange on b3.} (16... Nxb3 $5
17. axb3 (17. exf6 Bxf6 18. Nce5 $2 Bxe5 19. Nxe5 Bxe2 20. Nxd7 Nxa1 21. Rxa1
Rfd8 22. Ne5 {ץe2} g5 23. fxg5 Re8 24. Bf4 Re7 25. Kf2 Rf8 $17) 17... Qxc6 18.
exf6 Rxf6 19. Qd2 Bxf3 20. Rxf3 Re8 21. Bd4 Rfe6 22. Bxg7 Kxg7 23. Qd4+ Kg8 24.
Rd1 Re1+ $132) 17. Bxc5 (17. exf6 Rxf6 18. Qd2 Nxb3 19. axb3 {would transpose
to 16...Nxb3, meaning that the move order chosen by me just gave White an
additional opportunity. Maybe not a good one, though...}) 17... Qxc5+ 18. Qf2
Qxf2+ 19. Rxf2 Bxf3 (19... c6 20. Nd4 (20. exf6 Bxf6 21. Nd4 Bd7 $15 {^^})
20... fxe5 (20... Bd7 $2 21. e6 Be8 22. f5 $16) 21. Nxc6 exf4 22. Bxd5+ Kh8 $13
) 20. Rxf3 {Matthias offered a draw here. The presence of opposite coloured
bishops make this result look quite probable, but I liked my central pawns
very much, because they restrict the enemy bishop. Black's advantage is of
rather symbolic nature, but it would have been a pity not to play on, at least
for a couple of moves until obvious equality.} c6 21. e6 $5 (21. exf6 {still
leaves Black with the slightly more pleasant position.} Rxf6 22. Re1 (22. g3
Re8 $15) 22... Bf8 $5 (22... Raf8 23. h4 $5 Rxf4 24. Rxf4 Rxf4 25. Re6 Rf6 26.
Rxc6 $1) 23. g3 Bc5+ 24. Kg2 Kf7 $15) 21... f5 $8 $15 {[%csl Rb3,Re6] All
Black's pawns are on light squares now, leaving the enemy bishop looking very
passive on b3. At the same time, the e6-pawn is doomed in the long run.
Black's main plan is to win that pawn by keeping one pair of rooks on board,
but this is not easy. On the other hand, I thought that sometimes even the
pure bishop ending would offer wining chances, because of Black's strategic
advantage.} (21... Rfe8 22. f5 $1 $14 gxf5 $2 23. Re1 Re7 24. Bc2 $16) 22. Re1
(22. a4 $5) 22... Rae8 23. h3 Rf6 24. Rfe3 (24. e7 $6 Kf7 25. Rfe3 Rd6 26. g4
fxg4 27. hxg4 Bf6 $17) 24... h5 25. Kf2 Kf8 (25... Bf8 $2 {would reveal the
hidden force of the enemy bishop:} 26. e7 Bh6 27. Re6 Kf7 28. Rxc6 $1 $14) 26.
Bc2 Ke7 27. b3 {[%csl Rc3][%cal Gc3c4] /\c4} Rd8 28. Kf3 (28. c4 $2 d4 29. Re5
d3 30. Bd1 Rff8 $19 {צe5}) 28... Rd6 29. R3e2 (29. c4 $5 d4 30. R3e2 d3 $6 31.
Rd2 $1 $11 dxc2 $2 32. Rxd6 Kxd6 33. e7 c1=Q 34. e8=Q $18 {עd6}) 29... Rf8 30.
c4 (30. Re3 h4 $17) 30... Bc3 31. Rg1 (31. c5 Rdd8 32. Rc1 d4 $17) 31... Rxe6
32. cxd5 (32. Rxe6+ Kxe6 33. cxd5+ Kxd5 $5 (33... cxd5 34. g4 fxg4+ 35. hxg4
Be5 36. f5+ Kd6 37. Rh1 hxg4+ 38. Kxg4 gxf5+ 39. Bxf5 Rg8+ $17) 34. g4 Bd4 35.
Re1 (35. Rd1 Re8 $36) 35... fxg4+ 36. hxg4 g5 37. f5 h4 $17 38. Re6 Rf6 $1 {
If White exchanges rooks, the passed h- and c-pawns would decide the game in
Black's favour.}) 32... Rxe2 33. Kxe2 cxd5 34. Kf3 Kd6 35. Rd1 (35. g4 $2 fxg4+
36. hxg4 Be5 37. f5 hxg4+ 38. Kxg4 gxf5+ 39. Bxf5 $2 Rg8+ $19) 35... h4 $19 {
[%csl Gd5,Gf4] Black has a passed pawn in the centre and a target on the
kingside. This should be enough for a win.} 36. Rd3 Bb4 (36... d4 $5) 37. a4
Rc8 38. Bd1 Rc1 39. axb5 axb5 40. Be2 Kc5 41. Re3 Be1 42. Bd3 Rc3 43. Bf1 (43.
Ke2 Kd4 44. b4 Ra3 45. Rf3 Bxb4 46. Bxb5 Ra2+ 47. Kf1 Bc5 $22 48. Bd3 Ra1+ 49.
Ke2 Rg1 50. Kf2 Kc3+ 51. Ke2 Rxg2+ 52. Kf1 Rg1+ 53. Ke2 Kd4 $19) 43... d4 44.
Rd3 (44. Rxc3+ dxc3 45. Bd3 Kb4 46. Bc2 Ka3 47. Ke2 Kb2 48. Kd3 Bg3 49. Bd1 Kc1
50. Bc2 b4 $19) 44... Rc2 $1 (44... Kb4 45. Ke2 $1 $132) 45. Be2 Rb2 $22 (45...
Rb2 46. b4+ Rxb4 47. Ra3 Ra4 48. Rb3 b4 {/\...Ra3}) 0-1